 Dungeon Crawl Stone Soup version 0.20-a0-923-g548304e (webtiles) character file.

124 StylePro the Sneak (level 4, 0/23 HPs)
             Began as a Spriggan Assassin on Mar 26, 2017.
             Slain by an orc wizard
             ... wielding a +0 dagger of speed
              (2 damage)
             ... on level 3 of the Dungeon.
             The game lasted 00:04:12 (2039 turns).

StylePro the Sneak (Spriggan Assassin)              Turns: 2039, Time: 00:04:12

Health: 0/23       AC:  4    Str:  8    XL:     4   Next: 81%
Magic:  5/5        EV: 18    Int: 12    God:
Gold:   125        SH:  5    Dex: 17    Spells: 3/3 levels left

rFire    . . .     SeeInvis +   a - +2 dagger
rCold    . . .     Gourm    .   m - +0 buckler
rNeg     . . .     Faith    .   c - +0 robe
rPois    +         Spirit   .   (helmet restricted)
rElec    .         Reflect  .   t - +1 cloak
rCorr    +         Harm     .   (gloves unavailable)
MR       .....                  (boots unavailable)
Stlth    ++++......             (no amulet)
Regen    0.1/turn               p - ring of poison resistance
MPRegen  0.1/turn               y - ring of resist corrosion

@: very quick
A: unfitting armour, see invisible, herbivore 3, speed 3, slow metabolism 2
a: no special abilities


You were on level 3 of the Dungeon.
You were not hungry.

You visited 1 branch of the dungeon, and saw 3 of its levels.

You collected 125 gold pieces.

Inventory:

Hand Weapons
 a - a +2 dagger (weapon)
 b - a +0 blowgun
Missiles
 e - 46 poisoned needles
 f - 2 curare-tipped needles
Armour
 c - a +0 robe (worn)
 m - a +0 buckler (worn)
 t - a +1 cloak (worn)
Jewellery
 p - a ring of poison resistance (left hand)
 y - a ring of resist corrosion (right hand)
Scrolls
 h - a scroll of magic mapping {unknown}
 j - 4 scrolls of remove curse {unknown}
 k - a scroll of fear {unknown}
 n - 5 scrolls of identify {unknown}
 r - 2 scrolls of teleportation {unknown}
 v - a scroll of amnesia {unknown}
 w - a scroll of immolation {unknown}
Potions
 i - a potion of curing {unknown}
 l - a potion of heal wounds {unknown}
 o - a potion of haste {unknown}
 q - a potion of mutation {unknown}
 s - a potion of invisibility {unknown}
 u - a potion of lignification {unknown}
 x - a potion of cancellation {unknown}
Comestibles
 d - a royal jelly
 g - 4 bread rations
 z - 4 fruits


   Skills:
 + Level 2.2 Fighting
 + Level 3.1 Short Blades
 - Level 2.0 Throwing
 + Level 3.8 Dodging
 * Level 7.3 Stealth


You had 3 spell levels left.
You didn't know any spells.

Dungeon Overview and Level Annotations

Branches:
Dungeon (3/15)

Altars:
Trog
Wu Jian
Xom


Innate Abilities, Weirdness & Mutations

You are very small and have problems with some larger weapons.
You are too small for most types of armour.
You have supernaturally acute eyesight. (SInv)
You are a herbivore.
You cover ground extremely quickly.
You need consume almost no food.


Message History

The orc wizard hits you with a dagger of speed.
You hit the orc wizard.
The orc wizard is almost dead.
The orc wizard misses you.
You hit the orc wizard but do no damage.
The orc wizard is almost dead.
The orc wizard hits you with a dagger of speed.
You are too injured to fight recklessly!
You are too injured to fight recklessly!
You are too injured to fight recklessly!
You are too injured to fight recklessly!
You hit the orc wizard.
The orc wizard is almost dead.
The orc wizard gestures at you while chanting.
The puff of flame hits you!
* * * LOW HITPOINT WARNING * * *
You completely miss the orc wizard.
The orc wizard is almost dead.
The orc wizard hits you with a dagger of speed.
You die...

............#.#..# #.# #.#
####..o...#.#.#.## #.# #)#
.........##.#.#.####.####)####
#####........................
#.####.###.##.##.###.....
##.## # #.......# ######
####...### #.##.####
...........#.###.#...##
######...#.#.o@.o.......
##.##)#####.#....##
#.##.#####.##...# .
####.#..........#### #
.....#..#######. ........# .#
#######.# # #.# #> #########.#


You could see an orc wizard and an orc.

Vanquished Creatures
  A worker ant (D:3)
  3 adders
  4 worms
  A dart slug (D:2)
  3 leopard geckos (D:3)
  2 orcs (D:3)
  2 ball pythons
  2 giant cockroaches
  9 goblins
  6 hobgoblins
  2 jackals (D:1)
  6 kobolds
  4 bats
  2 frilled lizards (D:2)
  6 rats
53 creatures vanquished.

Notes
Turn   | Place    | Note
-------+----------+-------------------------------------------
     0 | D:1      | StylePro the Spriggan Assassin began the quest for the Orb.
     0 | D:1      | Reached XP level 1. HP: 10/10 MP: 2/2
   125 | D:1      | Reached skill level 6 in Stealth
   203 | D:1      | Reached XP level 2. HP: 15/15 MP: 3/3
   743 | D:2      | Reached XP level 3. HP: 18/18 MP: 4/4
   845 | D:2      | Found an ornate altar of the Wu Jian Council.
   845 | D:2      | Found a bloodstained altar of Trog.
  1159 | D:2      | Found a shimmering altar of Xom.
  1437 | D:3      | Reached skill level 7 in Stealth
  1437 | D:3      | Reached XP level 4. HP: 20/23 MP: 5/5
  2039 | D:3      | Slain by an orc wizard

Vault maps used:
D:1:      dpeg_arrival_tiny_a
D:2:      lemuel_round_altar, amethyst_overflow_temple_binary
D:3:      nicolae_overflow_hidden_temple, first_bread, grunt_ministairs_2,
          minmay_misc_feat_x, uniq_jessica

Skill      XL: |  1  2  3  4 |
---------------+-------------+-----
Dodging        | 2 3 |  3.8
Stealth        | 6 7 |  7.3
Fighting       | 2 |  2.2
Short Blades   | 3 |  3.1
Throwing       | |  2.0

Action                   |  1- 3 |  4- 6 || total
-------------------------+-------+-------++-------
Melee: Dagger            |   110 |    51 ||   161
 Stab: Sleeping          |    16 |     9 ||    25
       Distracted        |     1 |     1 ||     2
Armor: Robe              |    14 |     4 ||    18
Dodge: Dodged            |    61 |    23 ||    84
Block: Buckler           |    20 |     7 ||    27
